 Dungeon Crawl Stone Soup version 0.28.0 (webtiles) character file.

Game seed: 14564618832892307431

28 zeram the Sneak (level 3, -9/23 HPs)
             Began as a Gargoyle Delver on Feb 9, 2022.
             Killed by divine providence
             ... invoked by an orc priest
              (15 damage)
             ... on level 5 of the Dungeon.
             The game lasted 00:00:45 (160 turns).

zeram the Sneak (Gargoyle Delver)                    Turns: 160, Time: 00:00:46

Health: -9/23      AC:  6    Str: 17    XL:     3   Next: 14%
Magic:  3/3        EV: 11    Int: 10    God:
Gold:   15         SH:  0    Dex: 11    Spells: 2/2 levels left

rFire   . . .      SeeInvis .   a - +0 mace
rCold   . . .      Faith    .   (no shield)
rNeg    + . .      Spirit   .   b - +0 leather armour
rPois   ∞          Reflect  .   (no helmet)
rElec   +          Harm     .   (no cloak)
rCorr   .          Rampage  .   (no gloves)
Will    .....                   (no boots)
Stlth   +.........              (no amulet)
HPRegen 0.07/turn               (no ring)
MPRegen 0.08/turn               (no ring)

@: confused, hasted, very quick
A: sickness immunity, AC +3, negative energy resistance 1, electricity
resistance, torment resistance 1, petrification resistance
a: no special abilities


You were on level 5 of the Dungeon.
You visited 1 branch of the dungeon, and saw 1 of its levels.

You collected 15 gold pieces.

Inventory:

Hand Weapons
 a - a +0 mace (weapon)
Armour
 b - a +0 leather armour (worn)
Wands
 g - a wand of digging (3)
Scrolls
 c - a scroll of fog
 d - a scroll of magic mapping
 e - a scroll of fear


   Skills:
 + Level 3.4 Fighting
 + Level 2.4 Maces & Flails
 + Level 0.1 Armour
 + Level 1.9 Dodging
 + Level 5.9 Stealth


You had 2 spell levels left.
You didn't know any spells.
Your spell library was empty.

Dungeon Overview and Level Annotations

Branches:
Dungeon (5/15)
 Temple: D:4-7

Altars:


Innate Abilities, Weirdness & Mutations

You are immune to sickness and miasma.
Your stone body is resilient. (AC +3)
You are immune to poison.
You resist negative energy. (rN+)
You are resistant to electric shocks. (rElec)
You are resistant to unholy torment.
You are immune to petrification.


Message History

The orc wizard shouts!
You hit the orc wizard.
The orc wizard is moderately wounded.
The orc priest mumbles some strange prayers to Beogh against you.
Pain shoots through your body!
The orc wizard hits you but does no damage.
Unknown command.
You closely miss the orc wizard.
The orc wizard is moderately wounded.
Unknown command.
You hit the orc wizard but do no damage.
The orc wizard is moderately wounded.
The orc wizard hits you but does no damage.
Unknown command.
You sock the orc wizard!
The orc wizard is almost dead.
The orc wizard points at you and mumbles some strange words.
You are confused.
Unknown command.
You bump into the rock wall.
The orc wizard hits you with a +0 dagger.
* * * LOW HITPOINT WARNING * * *
Unknown command.
You hit the orc wizard.
You kill the orc wizard!
You have reached level 2!
You have reached level 3!
Your experience leads to an increase in your attributes!
Increase (S)trength, (I)ntelligence, or (D)exterity?
You feel stronger. x2
You aren't carrying any potions.
Unknown command.
You are too confused!
You aren't carrying any potions.
You bump into the rock wall.
You bump into the rock wall.
The orc priest invokes the aid of Beogh against you.
Beogh smites you!
Ouch! That really hurt!
You die...

######## #......# #......#
# #[.....#######
########.............
#..............######
+....................
#.####......##.#.....
#o.#@#...)..##.#.....
.......#)#o......##.#.....
.......####..##......##.##
...o.........##......##.#
.......###...##......##.#
....... #...##......##.#
....... #...######+###.#
../..$. #...# #.# #####
#.##


You could see an orc priest.

Vanquished Creatures
  An orc wizard (D:5)
  2 orcs (D:5)
3 creatures vanquished.

Notes
Turn   | Place    | Note
-------+----------+-------------------------------------------
     0 | D:5      | zeram the Gargoyle Delver began the quest for the Orb.
     0 | D:5      | Reached XP level 1. HP: 14/14 MP: 1/1
   129 | D:5      | Noticed an orc wizard
   131 | D:5      | Noticed an orc priest
   158 | D:5      | Killed an orc wizard
   159 | D:5      | Reached XP level 2. HP: 5/19 MP: 2/2
   159 | D:5      | Reached XP level 3. HP: 6/23 MP: 3/3
   160 | D:5      | Killed from afar by an orc priest

Illustrated notes

Levels and vault maps discovered:
D:5:      wad_woods_stonehenge, layout_basic, serial_shops,
          nicolae_shop_overgrown_old_shop, corexii_mini_fake_secret_closet,
          minmay_misc_feat_tiny, uniq_pikel, uniq_prince_ribbit1

Action                   || total
-------------------------++-------
Melee: Mace              ||    15
  Use: Potion            ||     1
 Stab: Sleeping          ||     2
Armor: Leather armour    ||     5
Dodge: Dodged            ||     3
